 Dungeon Crawl Stone Soup version 0.16-a0-4023-g001212b (console) character file.

3759 MrRokkomies the Geomancer (level 10, -4/90 HPs)
             Began as a Gargoyle Earth Elementalist on Feb 18, 2015.
             Was a Priest of Vehumet.
             Slain by hornqvist's ghost (14 damage)
             ... on level 8 of the Dungeon.
             The game lasted 00:53:09 (7004 turns).

MrRokkomies the Geomancer (GrEE)                    Turns: 7004, Time: 00:53:09

Health: -4/90      AC: 30    Str: 17    XL:     10   Next: 15%
Magic:  23/23      EV:  2    Int: 16    God:    Vehumet [***...]
Gold:   330        SH:  0    Dex: 10    Spells: 5 memorised, 5 levels left

rFire  . . .     SeeInvis .     a - +3 mace (protect)
rCold  . . .     Clarity  .     i - melded +1 ring mail
rNeg   + + +     SustAb   .     T - +0 buckler
rPois  ∞         Gourm    .     (helmet currently unavailable)
rElec  .         Spirit   .     C - melded +0 cloak
rCorr  .         Warding  .     (gloves currently unavailable)
rMut   .         NoTele   +     N - melded +0 pair of boots
MR     .....                    (no amulet)
Stlth  +.........               (no ring)
                                R - -3 ring of dexterity (curse)

@: confused, mighty, tree-form, not resistant to hostile enchantments, very
unstealthy
A: negative energy resistance 1, (electricity resistance), (unbreathing),
petrification resistance, rot immunity, AC +7
a: Renounce Religion


You were on level 8 of the Dungeon.
You worshipped Vehumet.
Vehumet was most pleased with you.
You were very hungry.
You were a tree.
You visited 1 branch of the dungeon, and saw 8 of its levels.

You collected 330 gold pieces.

Inventory:

Hand weapons
 a - a +3 mace of protection (weapon)
 z - a +4 rapier of draining
 J - a +0 dire flail
Missiles
 b - 80 stones (quivered)
 t - 9 poisoned needles
 Y - a throwing net
Armour
 i - a +1 ring mail (melded)
 C - a +0 cloak (melded)
 N - a +0 pair of boots (melded)
 T - a +0 buckler (worn)
 U - the +2 shield of Day {rC+ Int+3 Dex-2}
   (You found it on level 8 of the Dungeon)

   It affects your intelligence (+3).
   It affects your dexterity (-2).
   It protects you from cold.
 X - the +3 shield of Shrya {Str+3 Int+2}
   (You found it on level 8 of the Dungeon)

   It affects your strength (+3).
   It affects your intelligence (+2).
Magical staves
 x - an uncursed staff of cold
Jewellery
 R - a cursed -3 ring of dexterity (left branch)
Magical devices
 j - a wand of flame (0)
 s - a wand of polymorph (16)
 w - a wand of polymorph (0)
 y - a wand of flame (21)
 K - a wand of magic darts (10)
 Q - a wand of paralysis (15)
 V - a wand of draining (7)
 W - a wand of draining (4)
Scrolls
 n - 2 scrolls of enchant armour
 v - 2 scrolls of recharging
 A - a scroll of enchant weapon
 B - a scroll of teleportation {unknown}
 I - a scroll of random uselessness {unknown}
 L - 2 scrolls of summoning {unknown}
 O - a scroll of magic mapping {unknown}
 Z - a scroll of amnesia {unknown}
Potions
 c - 2 potions of magic
 h - 3 potions of restore abilities
 k - a potion of lignification
 o - a potion of resistance
 p - 2 potions of ambrosia
 q - a potion of heal wounds {unknown}
 r - 2 potions of mutation
 D - a potion of invisibility {unknown}
 E - a potion of flight {unknown}
 F - a potion of degeneration {unknown}
 G - a potion of agility {unknown}
 H - a potion of cancellation {unknown}
 M - a potion of brilliance {unknown}
Books
 d - a book of Geomancy

   Spells                             Type                      Level
   a - Sandblast                      Earth                        1
   b - Stoneskin                      Transmutation/Earth          2
   c - Passwall                       Transmutation/Earth          3
   d - Stone Arrow                    Conjuration/Earth            3
   e - Petrify                        Transmutation/Earth          4
   f - Lee's Rapid Deconstruction     Earth                        5
 m - a book of the Warp

   Spells                             Type                      Level
   a - Recall                         Summoning/Translocation      3
   b - Control Teleport               Charms/Translocation         4
   c - Force Lance                    Conjuration/Translocation    4
   d - Phase Shift                    Translocation                5
   e - Warp Weapon                    Charms/Translocation         5
   f - Gell's Gravitas                Hexes/Translocation          5
   g - Summon Forest                  Summoning/Translocation      5
 S - a book of the Tempests

   Spells                             Type                      Level
   a - Static Discharge               Conjuration/Air              3
   b - Lightning Bolt                 Conjuration/Air              5
   c - Fireball                       Conjuration/Fire             5
   d - Tornado                        Air                          9
   e - Shatter                        Earth                        9
Comestibles
 f - 7 bread rations
 g - 4 beef jerkies
 l - 3 meat rations
 P - 3 fruits


   Skills:
 - Level 6.0 Fighting
 * Level 5.1 Maces & Flails
 - Level 5.1 Armour
 - Level 1.5 Dodging
 - Level 2.1 Stealth
 - Level 0.9 Shields
 * Level 5.7 Spellcasting
 - Level 5.0 Conjurations
 - Level 0.7 Transmutations
 - Level 10.0 Earth Magic


You had 5 spell levels left.
You knew the following spells:

 Your Spells              Type           Power        Failure   Level  Hunger
a - Sandblast             Erth           #####.       1%          1    None
b - Stoneskin             Trmt/Erth      ###.....     4%          2    #......
c - Stone Arrow           Conj/Erth      ####..       1%          3    ##.....
d - Lee's Rapid Deconstr  Erth           #####.....   2%          5    ######.
e - Force Lance           Conj/Tloc      ##......     36%         4    ####...


Dungeon Overview and Level Annotations

Branches:
Dungeon (8/15)             Temple (0/1) D:4            Lair (0/8) D:8

Altars:
Ashenzari
Fedhas
Nemelex Xobeh
Vehumet

Shops:
D:8 *

Annotations:
D:3 smajdalf's ghost, average OpIE
D:8 exclusion: oklob sapling, hornqvist's ghost, experienced HOFi


Innate Abilities, Weirdness & Mutations

You are resistant to torment.
You are immune to poison.
((Your stone body is very resilient (AC +7).))
You resist negative energy.
((You are resistant to electric shocks.))
((You can survive without breathing.))
You are immune to petrification.
You are immune to rotting.


Message History

You cannot move. (Use ctrl+direction to attack without moving)
You cannot move. (Use ctrl+direction to attack without moving)
You cannot move. (Use ctrl+direction to attack without moving)
You are too injured to fight recklessly!
You cannot move. (Use ctrl+direction to attack without moving)
You cannot move. (Use ctrl+direction to attack without moving)
You cannot move. (Use ctrl+direction to attack without moving)
You cannot move. (Use ctrl+direction to attack without moving)
You cannot move. (Use ctrl+direction to attack without moving)
You cannot move. (Use ctrl+direction to attack without moving)
You cannot move. (Use ctrl+direction to attack without moving)
You cannot move. (Use ctrl+direction to attack without moving)
You cannot move. (Use ctrl+direction to attack without moving) Unknown command.
Unknown command.
Unknown command.
Hornqvist's ghost hits you.
* * * LOW HITPOINT WARNING * * *
Hornqvist's ghost hits you!
You die... #.....### #... ####....####... #.##........ #.###....... #..#.......< ##......W### ##..##.>## # 77777 #...##### # 77%.P #..######### 7f_%77

#........... 7.%.77
7##..######.<.
7%77W777....##.....##
7 77.77#...W..#####
7777.7.7.....### ###
77...7%77#....### #..
7.777777
##.#...####.#
77....77 ###.....##.#
77777.7 ###W#.....
#.# ###........ #.#
#....#.....
#.#####.##......#


You could see a wandering mushroom and hornqvist's ghost.

Vanquished Creatures
  2 wandering mushrooms (D:8)
  A troll (D:7)
  A two-headed ogre (D:8)
  A hungry ghost (D:7)
  2 wyverns (D:8)
  A phantom (D:4)
  A necrophage (D:7)
  2 centaurs
  A big kobold (D:7)
  4 ogres
  Duvessa (D:4)
  A giant frog (D:7)
  Blork the orc (D:6)
  A gnoll sergeant (D:8)
  A wyvern zombie (D:7)
  7 killer bees
  A scorpion (D:4)
  An oklob sapling (D:8)
  Dowan (D:4)
  A crimson imp (D:8)
  A quasit (D:6)
  A giant frog zombie (D:7)
  4 hounds
  A giant frog skeleton (D:6)
  A centaur skeleton (D:4)
  2 jellies
  3 orc priests
  3 worker ants
  2 iguanas
  5 orc wizards
  A killer bee zombie (D:8)
  Jessica (D:2)
  A hound zombie (D:7)
  6 gnolls
  10 adders
  A worm (D:5)
  2 giant geckos (D:2)
  2 oozes
  21 orcs
  12 bats
  6 giant cockroaches
  9 goblins
  6 hobgoblins
  18 jackals
  2 ball pythons (D:1)
  4 giant newts
  A giant spore (D:8)
  15 kobolds
  8 rats
  A ballistomycete (D:8)
182 creatures vanquished.

Notes
Turn   | Place    | Note
--------------------------------------------------------------
     0 | D:1      | MrRokkomies, the Gargoyle Earth Elementalist, began the quest for the Orb.
     0 | D:1      | Reached XP level 1. HP: 10/10 MP: 3/3
   274 | D:1      | Reached skill level 1 in Fighting
   279 | D:1      | Reached XP level 2. HP: 12/16 MP: 4/4
   283 | D:1      | Learned a level 2 spell: Stoneskin
   394 | D:1      | Reached skill level 4 in Earth Magic
   909 | D:2      | Reached XP level 3. HP: 18/21 MP: 6/6
  1025 | D:2      | Noticed Jessica
  1034 | D:2      | Killed Jessica
  1034 | D:2      | Reached skill level 1 in Armour
  1119 | D:2      | Reached XP level 4. HP: 14/27 MP: 3/7
  1627 | D:2      | Found a radiant altar of Vehumet.
  1637 | D:2      | Became a worshipper of Vehumet
  1709 | D:3      | Reached skill level 5 in Earth Magic
  1759 | D:3      | Noticed smajdalf's ghost (average OpIE)
  1875 | D:4      | Learned a level 3 spell: Stone Arrow
  1904 | D:4      | Reached XP level 5. HP: 30/32 MP: 1/9
  2227 | D:4      | Noticed Dowan
  2237 | D:4      | Noticed Duvessa
  2261 | D:4      | Killed Duvessa
  2261 | D:4      | Reached XP level 6. HP: 27/37 MP: 3/11
  2265 | D:4      | Killed Dowan
  2374 | D:4      | Found a sparkling altar of Nemelex Xobeh.
  2439 | D:4      | Noticed a phantom
  2445 | D:4      | Reached skill level 6 in Earth Magic
  2452 | D:4      | Killed a phantom
  2507 | D:4      | Found a staircase to the Ecumenical Temple.
  2709 | D:4      | Acquired Vehumet's first power
  2709 | D:4      | Offered knowledge of Sting by Vehumet.
  2919 | D:4      | Reached XP level 7. HP: 41/41 MP: 15/15
  2922 | D:4      | Noticed an ogre
  2936 | D:4      | Killed an ogre
  3034 | D:4      | Noticed an ogre
  3043 | D:4      | Killed an ogre
  3043 | D:4      | Reached skill level 7 in Earth Magic
  3360 | D:5      | Entered Level 5 of the Dungeon
  3367 | D:5      | Learned a level 5 spell: Lee's Rapid Deconstruction
  4336 | D:6      | Reached XP level 8. HP: 46/46 MP: 13/18
  4385 | D:6      | Noticed Blork the orc
  4391 | D:6      | Killed Blork the orc
  4505 | D:6      | Reached skill level 8 in Earth Magic
  4706 | D:6      | Reached skill level 5 in Spellcasting
  4794 | D:6      | Found a shattered altar of Ashenzari.
  4914 | D:6      | You fall through a shaft!
  4926 | D:7      | Offered knowledge of Searing Ray by Vehumet.
  4939 | D:7      | Noticed a troll
  4947 | D:7      | Killed a troll
  4947 | D:7      | Reached skill level 9 in Earth Magic
  5020 | D:7      | Reached skill level 5 in Fighting
  5020 | D:7      | Reached skill level 5 in Armour
  5020 | D:7      | Reached XP level 9. HP: 38/54 MP: 17/21
  5173 | D:7      | Reached skill level 1 in Conjurations
  5209 | D:7      | Offered knowledge of Throw Frost by Vehumet.
  5552 | D:7      | Reached skill level 10 in Earth Magic
  5604 | D:7      | Learned a level 4 spell: Force Lance
  5680 | D:7      | Acquired Vehumet's second power
  5680 | D:7      | Reached skill level 1 in Maces & Flails
  6299 | D:8      | Offered knowledge of Iskenderun's Mystic Blast by Vehumet.
  6300 | D:8      | Reached skill level 5 in Conjurations
  6413 | D:8      | Got a spiked shield
  6419 | D:8      | Identified the +2 shield of Day {rC+ Int+3 Dex-2} (You found it on level 8 of the Dungeon)
  6434 | D:8      | Found a staircase to the Lair.
  6453 | D:8      | Noticed a wandering mushroom
  6541 | D:8      | Noticed a wandering mushroom
  6542 | D:8      | Found a blossoming altar of Fedhas.
  6542 | D:8      | Noticed a wandering mushroom
  6542 | D:8      | Noticed a wandering mushroom
  6542 | D:8      | Noticed hornqvist's ghost (experienced HOFi)
  6665 | D:8      | Found Nothepey's Assorted Antiques.
  6701 | D:8      | Reached XP level 10. HP: 60/60 MP: 20/22
  6705 | D:8      | Got a warped shield
  6716 | D:8      | Identified the +3 shield of Shrya {Str+3 Int+2} (You found it on level 8 of the Dungeon)
  6851 | D:8      | Killed a wandering mushroom
  6882 | D:8      | Killed a wandering mushroom
  6882 | D:8      | Reached skill level 5 in Maces & Flails
  7000 | D:8      | HP: 2/60 [hornqvist's ghost (16)]
  7004 | D:8      | Slain by hornqvist's ghost

Action                   |  1- 3 |  4- 6 |  7- 9 | 10-12 || total
-------------------------+-------+-------+-------+-------++-------
Melee: Whip              |    30 |       |       |       ||    30
       Mace              |    82 |   114 |   136 |    13 ||   345
       Unarmed           |     4 |       |       |       ||     4
       Rapier            |       |    20 |    10 |       ||    30
Throw: Stone             |       |       |     1 |       ||     1
 Cast: Sandblast         |    16 |    30 |   123 |    25 ||   194
       Stoneskin         |       |     1 |     5 |     1 ||     7
       Stone Arrow       |       |     1 |    28 |     1 ||    30
Evoke: Wand              |       |     3 |     2 |       ||     5
  Use: Scroll            |       |     9 |     7 |       ||    16
       Potion            |       |       |     1 |     6 ||     7
  Eat: Chunk             |     1 |     6 |    15 |       ||    22
